 Dungeon Crawl Stone Soup version 0.17.1-2-g5865329 (webtiles) character file.

19077 Peloso the Blocker (level 12, -12/108 HPs)
             Began as a Minotaur Fighter on Feb 14, 2016.
             Was a High Priest of Okawaru.
             Killed from afar by an electric eel (13 damage)
             ... with a bolt of electricity
             ... on level 12 of the Dungeon.
             The game lasted 00:51:54 (13468 turns).

Peloso the Blocker (Minotaur Fighter)              Turns: 13468, Time: 00:51:56

Health: -12/108    AC: 24    Str: 26    XL:     12   Next: 33%
Magic:  12/12      EV: 10    Int:  5    God:    Okawaru [*****.]
Gold:   763        SH: 14    Dex: 13    Spells: 0 memorised, 11 levels left

rFire  . . .     SeeInvis .     I - +1 scimitar (protect)
rCold  . . .     Clarity  .     K - +2 plate armour {MR+}
rNeg   . . .     SustAt   .     c - +0 shield
rPois  .         Gourm    .     j - +1 hat
rElec  .         Spirit   .     P - +0 cloak
rCorr  .         Warding  .     (no gloves)
rMut   .         Stasis   +     (no boots)
MR     +....                    f - amulet of stasis
Stlth  ..........               N - +3 ring of strength
                                G - ring of invisibility

@: studying Long Blades, somewhat resistant to hostile enchantments, extremely
unstealthy
A: retaliatory headbutt, horns 2
a: Heroism, Finesse, Renounce Religion, Evoke Invisibility


You were on level 12 of the Dungeon.
You worshipped Okawaru.
Okawaru was extremely pleased with you.
You were not hungry.

You visited 2 branches of the dungeon, and saw 13 of its levels.
You also visited: Labyrinth and Ossuary.

You collected 763 gold pieces.

Inventory:

Hand Weapons
 a - a +0 long sword
 F - a +2 spear of flaming
 I - a +1 scimitar of protection (weapon)
Armour
 c - a +0 shield (worn)
 j - a +1 hat (worn)
 K - a +2 plate armour of magic resistance (worn)
 P - a +0 cloak (worn)
Jewellery
 f - an amulet of stasis (around neck)
 r - an uncursed amulet of warding
 v - an uncursed ring of see invisible
 G - a ring of invisibility (left hand)
 N - a +3 ring of strength (right hand)
 Q - an uncursed ring of protection from cold
Wands
 A - a wand of disintegration (18)
 C - a wand of teleportation (4)
 D - a wand of teleportation (3)
Scrolls
 l - 7 scrolls of identify
 m - 4 scrolls of remove curse
 p - 2 scrolls of magic mapping
 s - 2 scrolls of enchant armour {unknown}
 u - a scroll of fear {unknown}
 w - 3 scrolls of fog
 x - a scroll of teleportation
 J - 2 scrolls of amnesia
Potions
 b - 2 potions of heal wounds
 d - 3 potions of curing
 n - a potion of brilliance
 o - a potion of cure mutation
 t - 4 potions of berserk rage
 B - a potion of invisibility {unknown}
 M - 2 potions of agility {unknown}
Books
 O - a manual of Long Blades
Comestibles
 e - 7 bread rations
 g - 11 fruits
 h - a royal jelly
 q - 9 slices of pizza
 z - 7 meat rations
 T - 2 chunks of flesh


   Skills:
 + Level 10.6 Fighting
 + Level 11.5 Long Blades
 + Level 11.6 Armour
 + Level 7.3 Dodging
 + Level 1.4 Stealth
 + Level 13.2 Shields
 + Level 2.0 Invocations
 + Level 1.0 Evocations


You had 11 spell levels left.
You didn't know any spells.

Dungeon Overview and Level Annotations

Branches:
Dungeon (12/15)            Temple (1/1) D:6            Lair (0/8) D:10
    Orc (0/4) D:11

Altars:
Ashenzari
Cheibriados
Dithmenos
Elyvilon
Fedhas
Gozag
Kikubaaqudgha
Makhleb
Nemelex Xobeh
Okawaru
Qazlal
Ru
Sif Muna
Trog
Vehumet
Xom
Yredelemnul
Zin
The Shining One

Shops:
D:11 =

Annotations:
D:5 Prince Ribbit


Innate Abilities, Weirdness & Mutations

You reflexively headbutt those who attack you in melee.
You have a pair of horns on your head.


Message History

The bolt of electricity hits the electric eel.
The electric eel completely resists.
The bolt of electricity hits you!
* * * LOW HITPOINT WARNING * * *
The electric eel shoots out a bolt of lightning at you!
The bolt of electricity hits you!
The electric eel shoots out a bolt of lightning at you!
The bolt of electricity hits you!
The electric eel shoots out a bolt of lightning at you!
The bolt of electricity hits the electric eel.
The electric eel completely resists.
The bolt of electricity hits you!
* * * LOW HITPOINT WARNING * * *
The electric eel shoots out a bolt of lightning at you!
The bolt of electricity hits the electric eel.
The electric eel completely resists.
The bolt of electricity hits the electric eel.
The electric eel completely resists.
The bolt of electricity hits you!
* * * LOW HITPOINT WARNING * * *
The electric eel shoots out a bolt of lightning at you!
The bolt of electricity hits you!
You die...

####.# #.....##≈########........
.....# #............# #...)....
.....# ####.%†......# #.......#
.....# #.........# #########
####.# #.........# #.#****
#.........#
***#.#*≈≈**#.....).(.#
,,,..#≈≈≈≈*#.........#
,,,,.≈≈≈≈≈≈#....@....# **
,,,,≈≈≈≈≈;;;###;≈#####******* *,
,,,,≈≈≈≈;≈≈≈* #### *,,,,,,* *,
,,,,≈≈≈≈≈≈≈≈**********,,,,,,****,
,,,≈≈≈≈≈≈≈≈≈,,,,,,,,,+,,,,,,+,,+,
*,,*≈≈≈≈≈≈≈,,,,,,***,*****,,****,
*,,,,,,≈≈≈≈,,,,,,*,,,,,,,*,,* *,
*,,,,,,≈≈≈*,,,,,,*,,,,,,,**** *,
*,,,,,,≈≈**,,,,,,*,,,,,,,* ***,


You could see 4 electric eels.

Vanquished Creatures
  A minotaur (Lab)
  Erolcha (D:9)
  2 unseen horrors
  2 hill giants (D:11)
  Pikel (D:5)
  5 ugly things (D:11)
  A manticore (D:11)
  Joseph (D:9)
  A komodo dragon (D:10)
  A troll (D:12)
  A trapdoor spider (D:12)
  6 slime creatures (D:12)
  A deep elf mage (D:11)
  13 yaks
  A hungry ghost (D:10)
  A human (D:10)
  A water moccasin (D:8)
  4 wargs (D:11)
  A black bear (D:8)
  A sky beast (D:8)
  A soldier ant (D:12)
  2 orc warriors
  An eye of draining (D:8)
  4 ice beasts
  2 centaurs
  7 ogres
  4 phantoms
  A wasp (D:9)
  3 big kobolds
  6 giant frogs
  2 gnoll sergeants (D:6)
  A water moccasin zombie (D:5)
  5 scorpions
  29 killer bees
  5 centaur zombies
  2 crimson imps
  4 jellies
  2 centaur skeletons
  3 giant frog skeletons
  9 hounds
  6 orc priests
  12 orc wizards
  A quasit (D:9)
  12 worker ants
  Jessica (D:2)
  5 iguanas
  3 sheep (D:10)
  A hound skeleton (D:9)
  12 mummies
  22 gnolls
  14 adders
  A river rat (D:6)
  6 shadow imps
  2 adder zombies
  2 worms
  6 giant geckos
  42 orcs
  4 bats
  11 hobgoblins
  23 jackals
  23 kobolds
  4 quokkas
  5 giant cockroaches
  6 giant newts
  A gnoll skeleton (Ossuary)
  6 goblins
  4 goblin skeletons (Ossuary)
  3 orc skeletons (Ossuary)
  A quokka skeleton (D:9)
  12 rats
  11 rat skeletons (Ossuary)
401 creatures vanquished.

Vanquished Creatures (others)
  2 slaves (D:5)
  Blork the orc (D:5)
  A scorpion (D:5)
  2 worker ants (D:5)
  An adder skeleton (D:5)
  A worm (D:5)
  An orc (D:5)
  A plant (D:10)
10 creatures vanquished.

Grand Total: 411 creatures vanquished

Notes
Turn   | Place    | Note
--------------------------------------------------------------
     0 | D:1      | Peloso the Minotaur Fighter began the quest for the Orb.
     0 | D:1      | Reached XP level 1. HP: 19/19 MP: 0/0
   235 | D:1      | Reached skill level 4 in Armour
   235 | D:1      | Reached XP level 2. HP: 24/27 MP: 1/1
  1029 | D:2      | Reached XP level 3. HP: 33/33 MP: 2/2
  1097 | D:2      | Found a stormy altar of Qazlal.
  1173 | D:2      | Found a sacrificial altar of Ru.
  1269 | D:2      | Reached XP level 4. HP: 40/40 MP: 3/3
  1351 | D:2      | Noticed Jessica
  1362 | D:2      | Killed Jessica
  1362 | D:2      | Reached skill level 1 in Dodging
  1753 | D:3      | Reached skill level 5 in Shields
  1753 | D:3      | Reached XP level 5. HP: 42/47 MP: 4/4
  2491 | D:4      | Noticed a phantom
  2499 | D:4      | Reached XP level 6. HP: 37/53 MP: 5/5
  2515 | D:4      | Killed a phantom
  2515 | D:4      | Reached skill level 5 in Armour
  2547 | D:4      | Found a deep blue altar of Sif Muna.
  2579 | D:4      | Reached skill level 6 in Shields
  2599 | D:4      | Reached XP level 7. HP: 33/60 MP: 6/6
  2841 | D:5      | Entered Level 5 of the Dungeon
  2855 | D:5      | Noticed Pikel
  2869 | D:5      | Killed Pikel
  2869 | D:5      | Reached skill level 5 in Fighting
  2869 | D:5      | Reached skill level 5 in Long Blades
  2869 | D:5      | Reached skill level 1 in Stealth
  2869 | D:5      | Reached XP level 8. HP: 43/68 MP: 7/7
  3025 | D:5      | Reached skill level 7 in Shields
  3348 | D:5      | Killed Blork the orc
  3542 | D:5      | Found an opulent altar of Gozag.
  3728 | D:5      | Noticed Prince Ribbit
  3867 | D:5      | Found a blossoming altar of Fedhas.
  4534 | D:6      | Reached skill level 5 in Dodging
  4560 | D:6      | Found a staircase to the Ecumenical Temple.
  4642 | D:6      | Reached skill level 8 in Shields
  4802 | D:6      | Reached XP level 9. HP: 69/75 MP: 8/8
  5054 | Temple   | Entered the Ecumenical Temple
  5094 | Temple   | Became a worshipper of Warmaster Okawaru
  5616 | D:7      | Reached skill level 9 in Shields
  5661 | D:7      | You fall through a shaft for 2 floors!
  5708 | D:8      | Reached * piety under Okawaru
  5926 | D:8      | Found a sand-covered staircase.
  5937 | Ossuary  | Entered an ossuary
  6576 | D:8      | Found a shattered altar of Ashenzari.
  6661 | D:8      | Reached ** piety under Okawaru
  6770 | D:8      | Reached skill level 10 in Shields
  6832 | D:8      | Reached XP level 10. HP: 65/88 MP: 9/9
  7560 | D:7      | Found a shimmering altar of Xom.
  8022 | D:9      | Noticed a centaur zombie
  8042 | D:9      | Killed a centaur zombie
  8042 | D:9      | Reached *** piety under Okawaru
  8053 | D:9      | Noticed Joseph
  8078 | D:9      | Killed Joseph
  8166 | D:9      | Reached skill level 11 in Shields
  8171 | D:9      | Reached **** piety under Okawaru
  8395 | D:9      | Noticed Erolcha
  8410 | D:9      | Killed Erolcha
  8410 | D:9      | Reached skill level 10 in Armour
  8697 | D:9      | Reached skill level 1 in Invocations
  8802 | D:9      | Found a basalt altar of Yredelemnul.
  8823 | D:9      | Found a sparkling altar of Nemelex Xobeh.
  8955 | D:9      | Found a shadowy altar of Dithmenos.
  9072 | D:9      | Reached XP level 11. HP: 66/97 MP: 10/10
  9117 | D:10     | Entered Level 10 of the Dungeon
  9177 | D:10     | Reached ***** piety under Okawaru
  9188 | D:10     | Noticed an unseen horror
  9213 | D:10     | Killed an unseen horror
 10328 | D:10     | Reached skill level 12 in Shields
 10403 | D:10     | Found a staircase to the Lair.
 10429 | D:10     | Received a gift from Okawaru
 10652 | D:11     | Found Cupawauj's Jewellery Emporium.
 10741 | D:11     | Reached skill level 10 in Long Blades
 10777 | D:11     | Found a staircase to the Orcish Mines.
 10941 | D:11     | Found a white marble altar of Elyvilon.
 11027 | D:11     | Noticed an unseen horror
 11036 | D:11     | Killed an unseen horror
 11622 | D:11     | Noticed a hill giant
 11634 | D:11     | Killed a hill giant
 11634 | D:11     | Reached skill level 10 in Fighting
 11951 | D:11     | Received a gift from Okawaru
 11951 | D:11     | Reached skill level 13 in Shields
 11951 | D:11     | Reached XP level 12. HP: 91/106 MP: 9/11
 12086 | D:11     | Noticed a hill giant
 12093 | D:11     | Killed a hill giant
 12284 | D:12     | Found a labyrinth entrance.
 12322 | Lab      | Entered a labyrinth
 13338 | Lab      | Noticed a minotaur
 13349 | Lab      | Killed a minotaur
 13361 | Lab      | Got a shimmering scale mail
 13394 | D:12     | Identified a +2 rod of inaccuracy (9/9) (You found it in a labyrinth)
 13447 | D:12     | Reached skill level 1 in Evocations
 13466 | D:12     | HP: 5/108 [electric eel/bolt of electricity (5)]
 13468 | D:12     | HP: 1/108 [electric eel/bolt of electricity (7)]
 13468 | D:12     | Killed from afar by an electric eel

Action                   |  1- 3 |  4- 6 |  7- 9 | 10-12 || total
-------------------------+-------+-------+-------+-------++-------
Melee: Long sword        |    92 |   137 |   560 |   492 ||  1281
       Scimitar          |       |       |       |   287 ||   287
Invok: Heroism           |       |       |     1 |     8 ||     9
Evoke: Wand              |       |       |       |     9 ||     9
  Use: Potion            |       |       |     6 |     2 ||     8
       Scroll            |       |       |     9 |    11 ||    20
  Eat: Chunk             |     1 |     5 |    14 |    22 ||    42
       Fruit             |       |       |     1 |       ||     1
       Beef jerky        |       |       |       |     2 ||     2
